 Dungeon Crawl Stone Soup version 0.31.0-32-g396128a36d (console) character file.

Game seed: 4958933615552829223

4 utis the Poker (level 1, 14/17 HPs)
             Began as a Demigod Gladiator on Mar 30, 2024.
             Quit the game on level 1 of the Dungeon.
             The game lasted 00:00:17 (66 turns).

utis the Poker (Demigod Gladiator)                    Turns: 66, Time: 00:00:18

Health: 14/17      AC:  4    Str: 15    XL:     1   Next: 40%
Magic:  3/3        EV: 12    Int: 10    God:
Gold:   0          SH:  0    Dex: 15    Spells: 0/0 levels left

rFire   . . .        a - +0 trident
rCold   . . .        (no shield)
rNeg    . . .        b - +0 leather armour
rPois   .            c - +0 helmet
rElec   .            (no cloak)
rCorr   .            (no gloves)
SInv    .            (no boots)
Will    .....        (no amulet)
Stlth   +            (no ring)
HPRegen 0.22/turn    (no ring)
MPRegen 0.08/turn

%: no passive effects
@: no status effects
A: high MP 1, forlorn, divine attributes
a: no special abilities


You were on level 1 of the Dungeon.
You visited 1 branch of the dungeon, and saw 1 of its levels.

Inventory:

Hand Weapons
 a - a +0 trident (weapon)
Missiles
 d - 3 throwing nets (quivered)
 e - a javelin
Armour
 b - a +0 leather armour (worn)
 c - a +0 helmet (worn)
Scrolls
 f - a scroll of teleportation {unknown}


   Skills:
 - Level 1.7 Fighting
 + Level 3.0 Polearms
 - Level 1.7 Throwing
 - Level 2.6 Dodging


You couldn't memorise any spells.
You didn't know any spells.
Your spell library was empty.

Dungeon Overview and Level Annotations

Branches:
Dungeon (1/15)


Innate Abilities, Weirdness & Mutations

You have an increased reservoir of magic. (+10% MP)
You shall have no god before yourself.
Your divine heritage dramatically boosts your attributes as you level up.


Message History

No target in view!
No target in view!
You see here a bat corpse.
f - a scroll labelled UWELUM UXASTYJY An endoplasm comes into view.
The endoplasm quivers.
An endoplasm is nearby!
You start waiting.
An endoplasm is nearby!
You reach to attack!
You puncture the endoplasm!
You kill the endoplasm!
No target in view!
A rat comes into view.
The rat squeaks loudly.
A ball python comes into view.
You start waiting.
A rat is nearby!
You barely miss the rat. The rat barely misses you.
You closely miss the rat. The rat closely misses you.
You hit the rat.
The rat is severely wounded.
The rat bites you but does no damage.
You barely miss the rat.
The rat is severely wounded.
You hear an angry hiss.
The rat bites you but does no damage.
You puncture the rat!
You kill the rat!
You closely miss the ball python.
The ball python bites you but does no damage.
The ball python barely misses you. The ball python bites you.
The ball python grabs you. The ball python constricts you.
You barely miss the ball python. The ball python bites you.
The ball python constricts you.
You hit the ball python.
You kill the ball python!
Your Polearms skill increases to level 3!
No target in view!
No target in view!
Are you sure you want to abandon this character and quit the game? (Confirm with "yes".)

▒...▒ ▒...▒ .... ▒...▒
.... ▒.▓.▓ .S.
...░▓.▓.▓ ░░░ ░r░.
..░▓†..▓. ░.. ...
░.░▓...▓..░.░ ..░ ░
░..▓...▓..░.░ ..░.░
░..▓...▓..... ....░
░......░░.░.░░...░░░░
░░░..░.░......p........
░.............░░░░░░░░.
░░░░░░.░...............
...........>.......░.░░
............░..░░░.....
......░░░...░..░░░.....
......░ ░..........░░░░
......░ ░░░.░░░░░░░░
......░ ░........
......░ ░░░░░░░░░
...J..░


There were no monsters in sight!

Vanquished Creatures
  A ball python (D:1)
  An endoplasm (D:1)
  A bat (D:1)
  A rat (D:1)
4 creatures vanquished.

Notes
Turn   | Place    | Note
-------+----------+-------------------------------------------
     0 | D:1      | utis the Demigod Gladiator began the quest for the Orb.
     0 | D:1      | Reached XP level 1. HP: 17/17 MP: 3/3
    66 | D:1      | Reached skill level 3 in Polearms
    66 | D:1      | Quit the game

Illustrated notes

Levels and vault maps discovered:
D:1:      wheals_arrival_shading, layout_basic, chequers_arboretum

Skill      XL: |  1 |
---------------+----+-----
Polearms       | 3 |  3.0
Fighting       | |  1.7
Throwing       | |  1.7
Dodging        | |  2.6

Action                     || total
---------------------------++-------
  Melee: Trident           ||    13
 Armour: Leather armour    ||     8
  Dodge: Dodged            ||     4
